 Dungeon Crawl Stone Soup version 0.21-a0-150-gc243083 (webtiles) character file.

16 drasked the Insei (level 2, -1/36 HPs)
             Began as a Gnoll Wanderer on July 26, 2017.
             Slain by an adder (3 damage)
             ... on level 2 of the Dungeon.
             The game lasted 00:03:02 (1277 turns).

drasked the Insei (Gnoll Wanderer)                  Turns: 1277, Time: 00:03:02

Health: -1/36      AC:  5    Str:  7    XL:     2   Next: 58%
Magic:  2/2        EV:  9    Int:  7    God:
Gold:   53         SH:  3    Dex:  7    Spells: 1/1 levels left

rFire    . . .     SeeInvis .     - Unarmed
rCold    . . .     Gourm    .   c - +0 buckler
rNeg     . . .     Faith    .   b - +0 ring mail
rPois    .         Spirit   .   (no helmet)
rElec    .         Reflect  .   (no cloak)
rCorr    .         Harm     .   (no gloves)
MR       .....                  (no boots)
Stlth    ..........             (no amulet)
HPRegen  0.12/turn              (no ring)
MPRegen  0.08/turn              (no ring)

@: berserking, lethally poisoned (-1 -> -5), very quick
A: unchanging attributes, fangs 1, strong nose
a: no special abilities


You were on level 2 of the Dungeon.
You were not hungry.

You visited 1 branch of the dungeon, and saw 2 of its levels.

You collected 53 gold pieces.

Inventory:

Hand Weapons
 d - a +0 club
 e - a +0 dagger
Armour
 b - a +0 ring mail (worn)
 c - a +0 buckler (worn)
Jewellery
 m - an uncursed amulet of faith {unknown}
   (You took it off a hobgoblin on level 1 of the Dungeon)
Scrolls
 h - 2 scrolls of remove curse {unknown}
 i - a scroll of noise {unknown}
 k - a scroll of identify {unknown}
 l - a scroll of recharging {unknown}
 n - a scroll of magic mapping {unknown}
 o - a scroll of teleportation {unknown}
Potions
 a - a potion of berserk rage {!q}
 g - a potion of curing {unknown}
 p - a potion of might {unknown}
 q - a potion of haste {unknown}
 r - a potion of magic {unknown}
Comestibles
 f - 2 bread rations {@e1}
 j - a meat ration {@e2}


   Skills:
 + Level 3.2 Fighting
 - Level 1.3 Armour
 + Level 2.1 Dodging
 - Level 2.4 Stealth
 + Level 2.2 Shields
 - Level 4.0 Unarmed Combat


You had one spell level left.
You didn't know any spells.

Dungeon Overview and Level Annotations

Branches:
Dungeon (2/15)

Altars:


Innate Abilities, Weirdness & Mutations

Your physical attributes are unchanging.
You have very sharp teeth.
Your uncanny sense of smell can sniff out nearby items.


Message History

You closely miss the bat. You block the bat's attack.
You hit the bat.
You kill the bat!
No target in view!
No target in view!
You may need something to eat soon, looking for food.
Can't find anything matching that.
Sorry, you're not good enough to have a special ability.
You see here a bat corpse.
You open the door.
Found an escape hatch in the floor.
You open the door.
There is an open door here.
There is a stone staircase leading down here.
You are feeling very hungry.
You butcher the bat corpse.
s - a chunk of flesh {@w0} You see here a bat skeleton. x2
Eating a chunk of flesh {@w0}.
You eat the chunk of flesh {@w0}.
Done exploring.
Done exploring.
Done exploring.
A bat comes into view.
There is an open door here.
The bat barely misses you. The bat hits you but does no damage.
The bat closely misses you. The bat barely misses you.
There is an escape hatch in the floor here.
You closely miss the bat. The bat hits you but does no damage.
You hit the bat.
You kill the bat!
No target in view!
No target in view!
There is an open door here.
There is a stone staircase leading down here.
You climb downwards.
There is a stone staircase leading up here.
A goblin comes into view.
The goblin shouts!
You hit the goblin. The goblin hits you.
An adder comes into view.
You take 3 damage, and have 21/24 hp.
You closely miss the goblin. The goblin hits you.
You take 3 damage, and have 18/24 hp.
You closely miss the goblin. The goblin hits you.
You take 3 damage, and have 15/24 hp.
You hit the goblin.
You kill the goblin!
No target in view!
You start resting.
There is a stone staircase leading up here.
You hit the adder but do no damage. The adder closely misses you.
You miss the adder. The adder closely misses you. You block the adder's attack.
Your shield and ring mail prevent you from hitting the adder.
The adder closely misses you.
You closely miss the adder. The adder barely misses you.
You miss the adder. The adder barely misses you.
You barely miss the adder. You block the adder's attack.
The adder bites you but does no damage.
You barely miss the adder. Your bite misses the adder.
You block the adder's attack.
You barely miss the adder. The adder bites you.
You take 3 damage, and have 14/24 hp.
You closely miss the adder. The adder bites you.
You take 2 damage, and have 12/24 hp.
You closely miss the adder. The adder bites you but does no damage.
The adder bites you.
You take 2 damage, and have 10/24 hp.
You hit the adder. You block the adder's attack.
You miss the adder. The adder bites you.
* * * LOW HITPOINT WARNING * * *
You take 3 damage, and have 7/24 hp.
You closely miss the adder. The adder closely misses you.
You barely miss the adder. The adder bites you but does no damage.
The adder bites you.
* * * LOW HITPOINT WARNING * * *
You are lethally poisoned!
The adder poisons you!
You take 4 damage, and have 3/24 hp.
Really quaff
a - 2 potions of berserk rage {!q}? [Y]es or [N]o only, please.
Really quaff
a - 2 potions of berserk rage {!q}? [Y]es or [N]o only, please.
Really quaff
a - 2 potions of berserk rage {!q}? [Y]es or [N]o only, please.
Really quaff
a - 2 potions of berserk rage {!q}? [Y]es or [N]o only, please.
Really quaff
a - 2 potions of berserk rage {!q}?
A red film seems to cover your vision as you go berserk!
You feel yourself moving faster!
You feel mighty!
You feel sick. The adder bites you but does no damage.
You now have 3/36 hp.
Unknown command.
You barely miss the adder. Your bite misses the adder. The adder bites you.
* * * LOW HITPOINT WARNING * * *
You are lethally poisoned!
The adder poisons you!
You take 1 damage, and have 2/36 hp.
You barely miss the adder. The adder bites you.
You die...

# #.# #. #.#
# ####.###.#
.# .........#
.#
.........#..#
.........#..#
#.....#
#.S#..# #.@#
# #..# #..#
#..# ∆ #### ∆


You could see an adder.

Vanquished Creatures
  A giant cockroach (D:1)
  2 goblins
  3 hobgoblins (D:1)
  A kobold (D:1)
  8 bats (D:1)
15 creatures vanquished.

Notes
Turn   | Place    | Note
-------+----------+-------------------------------------------
     0 | D:1      | drasked the Gnoll Wanderer began the quest for the Orb.
     0 | D:1      | drasked set off with: 2 potions of berserk rage {!q}, a +0 ring mail, a +0 buckler, a +0 club, a +0 dagger, a bread ration {@e1}
     0 | D:1      | Reached XP level 1. HP: 17/17 MP: 1/1
    84 | D:1      | Reached skill level 3 in Fighting
   372 | D:1      | HP: 3/18 [hobgoblin/club (4)]
   380 | D:1      | HP: 3/18 [bat (1)]
   384 | D:1      | HP: 1/18 [bat (1)]
   623 | D:1      | Reached skill level 2 in Dodging
   623 | D:1      | Reached XP level 2. HP: 19/24 MP: 2/2
  1003 | D:1      | Reached skill level 2 in Shields
  1274 | D:2      | HP: 3/24 [adder (4)]
  1277 | D:2      | Slain by an adder

Vault maps used:
D:1:      minmay_arrival_four_houses
D:2:      uniq_crazy_yiuf_cottage

Skill      XL: |  1  2 |
---------------+-------+-----
Fighting       | 3 |  3.2
Dodging        | 2 |  2.1
Shields        | 2 |  2.2
Armour         | |  1.3
Stealth        | |  2.4
Unarmed Combat | |  4.0

Action                   || total
-------------------------++-------
Melee: Dagger            ||    95
       Bite              ||     3
       Unarmed           ||    71
  Use: Potion            ||     1
  Eat: Chunk             ||     1
Armor: Ring mail         ||   102
Dodge: Dodged            ||   105
Block: Buckler           ||    36

Vault maps used:
D:1:      minmay_arrival_four_houses
D:2:      uniq_crazy_yiuf_cottage

Table legend:
 A = Turns spent in this place as a percentage of turns spent in the entire game.
 B = Non-inter-level travel turns spent in this place as a percentage of non-inter-level travel turns spent in the entire game.
 C = Inter-level travel turns spent in this place as a percentage of turns spent in this place.
 D = Turns resting spent in this place as a percentage of non-inter-level travel turns spent in this place.
 E = Turns spent auto-exploring this place as a percentage of non-inter-level travel turns spent in this place.
 F = Non-inter-level travel turns spent in this place divided by the number of levels of this place that you've seen.
                   A       B       C       D       E      F
               +-------+-------+-------+-------+-------+----------------------
         Total | 100.0 | 100.0 |   0.5 |   2.1 |   7.8 | 186.5
       Dungeon | 100.0 | 100.0 |   0.5 |   2.1 |   7.8 | 186.5
               +-------+-------+-------+-------+-------+----------------------

Table legend:
 A = Kills in this place as a percentage of kills in entire the game.
 B = Kills by you in this place as a percentage of kills by you in the entire game.
 C = Kills by friends in this place as a percentage of kills by friends in the entire game.
 D = Other kills in this place as a percentage of other kills in the entire game.
 E = Experience gained in this place as a percentage of experience gained in the entire game.
 F = Experience gained in this place divided by the number of levels of this place that you have seen.
                   A       B       C       D       E      F
               +-------+-------+-------+-------+-------+----------------------
         Total | 100.0 | 100.0 |  -nan |  -nan | 100.0 |  12.0
       Dungeon | 100.0 | 100.0 |  -nan |  -nan | 100.0 |  12.0
               +-------+-------+-------+-------+-------+----------------------
